 Dungeon Sprint DCSS version 0.22-a0-42-g002c468 (webtiles) character file.

4334 Faca the Severer (level 10, -1/103 HPs)
             Began as a Deep Dwarf Fighter on Jan 5, 2018.
             Was the Champion of Makhleb.
             Slain by a dire elephant (5 damage)
             ... in the Dungeon (Sprint IX: "|||||||||||||||||||||||||||||").
             The game lasted 00:04:29 (475 turns).

Faca the Severer (Deep Dwarf Fighter)                Turns: 475, Time: 00:04:30

Health: -1/103     AC: 14    Str: 21    XL:     10   Next: 12%
Magic:  8/8        EV:  9    Int: 13    God:    Makhleb [******]
Gold:   0          SH: 13    Dex: 13    Spells: 9/9 levels left

rFire    . . .     SeeInvis .   p - +5 broad axe (chop)
rCold    . . .     Gourm    .   c - +0 shield
rNeg     . . .     Faith    .   r - +1 chain mail
rPois    .         Spirit   .   (no helmet)
rElec    .         Reflect  .   q - +0 cloak
rCorr    .         Harm     .   (no gloves)
MR       +....     NoTele   +   (no boots)
Stlth    ..........             (no amulet)
HPRegen  0.00/turn              t - +2 ring of evasion
MPRegen  0.11/turn              s - +3 ring of intelligence

@: non-regenerating
A: damage resistance, heal wounds, blink, sense surroundings 2, no regeneration
a: Heal Wounds, Blink, Minor Destruction, Lesser Servant of Makhleb, Major
Destruction, Greater Servant of Makhleb, Renounce Religion


You were in the Dungeon.
You worshipped Makhleb.
Makhleb was exalted by your worship.
You were not hungry.

You visited 1 branch

Inventory:

Hand Weapons
 p - a +5 broad axe of chopping (weapon)
Armour
 c - a +0 shield (worn)
 q - a +0 cloak (worn)
 r - a +1 chain mail (worn)
Jewellery
 s - a +3 ring of intelligence (right hand)
 t - a +2 ring of evasion (left hand)
Wands
 o - a wand of acid (10)
Scrolls
 k - 3 scrolls of blinking
 m - 3 scrolls of remove curse
 n - 2 scrolls of amnesia
 u - 2 scrolls of identify
Potions
 b - a potion of resistance
 d - a potion of might
 e - 7 potions of curing
 h - a potion of haste
 i - 4 potions of magic
 j - 2 potions of berserk rage
 l - a potion of invisibility
Comestibles
 f - 2 rations


   Skills:
 + Level 10.3 Fighting
 * Level 15.8 Axes
 + Level 12.0 Armour
 + Level 12.0 Shields


You had 9 spell levels left.
You didn't know any spells.

Dungeon Overview and Level Annotations

Branches:
Dungeon (1/1)

Altars:
Cheibriados
Dithmenos
Elyvilon
Fedhas
Gozag
Hepliaklqana
Kikubaaqudgha
Makhleb
Nemelex Xobeh
Okawaru
Qazlal
Ru
Sif Muna
Trog
Uskayaw
Vehumet
Wu Jian
Xom
Yredelemnul
Zin
The Shining One
Beogh
Jiyva
Lugonu


Innate Abilities, Weirdness & Mutations

You are resistant to damage.
You can heal yourself by infusing magical energy.
You passively map the area around you.
You do not regenerate.
You can translocate small distances at will.


Message History

* * * LOW HITPOINT WARNING * * *
You slash the dire elephant!
The dire elephant is severely wounded.
The dire elephant tramples you!!
* * * LOW HITPOINT WARNING * * *
You stumble backwards!
You completely miss the dire elephant.
The dire elephant is severely wounded.
You slash the dire elephant!
The dire elephant is almost dead.
The dire elephant barely misses you. The dire elephant trunk-slaps you!
* * * LOW HITPOINT WARNING * * *
You hit the dire elephant but do no damage.
The dire elephant is almost dead.
You block the dire elephant's attack.
The dire elephant trunk-slaps you but does no damage.
You hit the dire elephant.
The dire elephant is almost dead.
You block the dire elephant's attack. The dire elephant trunk-slaps you!
You die...

*,
▓.▓.▓_▓ *
* *
,▓.▓.▓_▓
, ▓Y▓.▓_▓
*
,▓Y▓.▓_▓
, *, ,
*,▓Y▓.▓_▓
, *
▓Y▓.▓_▓
*, * ,
▓Y▓.▓_▓
▓Y▓.▓_▓ *
▓@▓.▓_▓
,* ,
*,▓.▓.▓_▓
,▓.▓.▓_▓
* ,
▓.▓.▓_▓
*, * ,* +
,▓.▓.▓_▓
* , *,
,▓.▓.▓_▓
* ,
▓.▓.▓_▓ ,
,*,*
▓.▓.▓_▓ ,
,* *
▓.▓.▓_▓


You could see a dire elephant and 5 elephants.

Vanquished Creatures
  A dire elephant (D)
  A spiny frog (D)
  A kobold demonologist (D)
  A komodo dragon (D)
  A polar bear (D)
  2 trolls (D)
  A yak (D)
  A steam dragon (D)
  A vampire mosquito (D)
  5 water moccasins (D)
  3 porcupines (D)
  A sky beast (D)
  An ogre (D)
  An eye of draining (D)
  A crocodile (D)
  A centaur (D)
  5 bullfrogs (D)
  A crimson imp (D)
  A worker ant (D)
  A shadow imp (D)
  An adder skeleton (D)
  An orc (D)
  2 bat zombies (D)
  A goblin (D)
  A frilled lizard (D)
  A kobold (D)
  A quokka skeleton (D)
  2 rats (D)
41 creatures vanquished.

Notes
Turn   | Place    | Note
-------+----------+-------------------------------------------
     0 | D        | Faca the Deep Dwarf Fighter began the quest for the Orb.
     0 | D        | Reached XP level 1. HP: 20/20 MP: 1/1
    15 | D        | Reached skill level 3 in Axes
    24 | D        | Noticed a worker ant
    29 | D        | Killed a worker ant
    29 | D        | Reached skill level 4 in Axes
    29 | D        | Reached XP level 2. HP: 28/28 MP: 2/2
    33 | D        | Reached XP level 3. HP: 19/36 MP: 3/3
    43 | D        | Reached skill level 5 in Axes
    50 | D        | Found a roughly hewn altar of Beogh.
    50 | D        | Found a snail-covered altar of Cheibriados.
    50 | D        | Found a shadowy altar of Dithmenos.
    50 | D        | Found a white marble altar of Elyvilon.
    50 | D        | Found a blossoming altar of Fedhas.
    50 | D        | Found an opulent altar of Gozag.
    51 | D        | Found a hazy altar of Hepliaklqana.
    52 | D        | Found a viscous altar of Jiyva.
    53 | D        | Found an ancient bone altar of Kikubaaqudgha.
    54 | D        | Found a corrupted altar of Lugonu.
    55 | D        | Found a burning altar of Makhleb.
    56 | D        | Found a sparkling altar of Nemelex Xobeh.
    57 | D        | Found an iron altar of Okawaru.
    58 | D        | Found a stormy altar of Qazlal.
    59 | D        | Found a sacrificial altar of Ru.
    60 | D        | Found a deep blue altar of Sif Muna.
    61 | D        | Found a bloodstained altar of Trog.
    62 | D        | Found a hide-covered altar of Uskayaw.
    63 | D        | Became a worshipper of Makhleb the Destroyer
    64 | D        | Found a radiant altar of Vehumet.
    65 | D        | Found an ornate altar of the Wu Jian Council.
    66 | D        | Found a shimmering altar of Xom.
    67 | D        | Found a basalt altar of Yredelemnul.
    68 | D        | Found a glowing silver altar of Zin.
    69 | D        | Found a glowing golden altar of the Shining One.
   115 | D        | Noticed an ogre
   115 | D        | Noticed a centaur
   115 | D        | Noticed a troll
   115 | D        | Noticed a troll
   115 | D        | Noticed a sky beast
   121 | D        | Killed a sky beast
   121 | D        | Reached skill level 7 in Axes
   121 | D        | Reached skill level 5 in Armour
   121 | D        | Reached skill level 5 in Shields
   121 | D        | Reached XP level 4. HP: 14/45 MP: 4/4
   130 | D        | Killed a troll
   130 | D        | Reached skill level 9 in Axes
   130 | D        | Reached XP level 5. HP: 26/55 MP: 5/5
   130 | D        | Reached XP level 6. HP: 30/62 MP: 6/6
   143 | D        | Killed a troll
   143 | D        | Reached * piety under Makhleb
   143 | D        | Reached skill level 10 in Axes
   143 | D        | Reached XP level 7. HP: 15/70 MP: 7/7
   147 | D        | Reached skill level 11 in Axes
   151 | D        | Reached ** piety under Makhleb
   158 | D        | Noticed a steam dragon
   158 | D        | Noticed a vampire mosquito
   158 | D        | Noticed a kobold demonologist
   166 | D        | Noticed a sixfirhy
   173 | D        | Killed a kobold demonologist
   173 | D        | Reached skill level 12 in Axes
   173 | D        | Reached XP level 8. HP: 15/81 MP: 0/8
   182 | D        | Reached *** piety under Makhleb
   294 | D        | Gained mutation: You can translocate small distances at will. [potion of mutation]
   294 | D        | Gained mutation: You passively map the area around you. [potion of mutation]
   319 | D        | Reached **** piety under Makhleb
   319 | D        | Reached skill level 13 in Axes
   319 | D        | Reached skill level 10 in Armour
   319 | D        | Reached skill level 10 in Shields
   347 | D        | Reached ***** piety under Makhleb
   347 | D        | Mutation became permanent: You passively map a small area around you. [Deep Dwarf growth]
   347 | D        | Gained mutation: You passively map the area around you. [Deep Dwarf growth]
   347 | D        | Reached XP level 9. HP: 90/90 MP: 8/8
   364 | D        | Reached skill level 14 in Axes
   385 | D        | Noticed a komodo dragon
   386 | D        | Noticed a polar bear
   387 | D        | Noticed a spiny frog
   392 | D        | Killed a komodo dragon
   395 | D        | Killed a polar bear
   395 | D        | Reached skill level 15 in Axes
   402 | D        | Killed a spiny frog
   402 | D        | Reached ****** piety under Makhleb
   445 | D        | Noticed an elephant
   445 | D        | Noticed an elephant
   445 | D        | Noticed a dire elephant
   445 | D        | Noticed an elephant
   445 | D        | Noticed a dire elephant
   445 | D        | Noticed an elephant
   446 | D        | Noticed an elephant
   460 | D        | Killed a dire elephant
   460 | D        | Reached skill level 10 in Fighting
   460 | D        | Reached XP level 10. HP: 55/103 MP: 9/9
   467 | D        | HP: 5/103 [dire elephant (23)]
   473 | D        | HP: 4/103 [dire elephant (3)]
   475 | D        | Slain by a dire elephant

Vault maps used:
D:        linesprint

Skill      XL: |  1  2  3  4  5  6  7  8  9 |
---------------+----------------------------+-----
Axes           | 4 7 9 10 12 13 15 | 15.8
Fighting       | 3 4 6 7 8 10 | 10.3
Armour         | 4 5 7 8 9 10 12 | 12.0
Shields        | 4 5 7 8 9 10 12 | 12.0

Action                   |  1- 3 |  4- 6 |  7- 9 | 10-12 || total
-------------------------+-------+-------+-------+-------++-------
Melee: War axe           |    33 |       |       |       ||    33
       Broad axe         |     6 |    19 |   128 |    13 ||   166
 Abil: Heal Wounds       |       |     1 |     2 |     2 ||     5
  Use: Potion            |       |     1 |     3 |       ||     4
       Scroll            |       |       |     4 |       ||     4
Armor: Scale mail        |    15 |       |       |       ||    15
       Chain mail        |     2 |    12 |    33 |     3 ||    50
Dodge: Dodged            |     9 |    19 |    30 |     4 ||    62
Block: Shield            |    25 |    25 |    62 |     6 ||   118

Table legend:
 A = Spawn XP
 B = Non-spawn XP
 C = Spawn XP percentage of total XP
 D = Spawn monster count
 E = Non-spawn monster count
 F = Spawn count percentage of total count
 G = Total turns spent on level
                    A         B        C        D         E        F      G
               +---------+---------+-------+---------+---------+-------+---------
         Total |       0 |    6192 |   0.0 |       0 |      41 |   0.0 |   475
               +---------+---------+-------+---------+---------+-------+---------
             D |       0 |    6192 |   0.0 |       0 |      41 |   0.0 |   475
               +---------+---------+-------+---------+---------+-------+---------
